 Dungeon Crawl Stone Soup version 0.22-a0-231-g75390ab (webtiles) character file.

68 frogmouthbird the Slasher (level 4, 0/30 HPs)
             Began as a High Elf Skald on Mar 11, 2018.
             Slain by an orc
             ... wielding a +0 flail
              (5 damage)
             ... on level 3 of the Dungeon.
             The game lasted 00:03:19 (1650 turns).

frogmouthbird the Slasher (High Elf Skald)          Turns: 1650, Time: 00:03:19

Health: 0/30       AC:  8    Str: 10    XL:     4   Next: 1%
Magic:  8/8        EV: 11    Int: 18    God:
Gold:   76         SH:  0    Dex: 16    Spells: 3/7 levels left

rFire    . . .     SeeInvis .   a - +0 falchion
rCold    . . .     Gourm    .   (no shield)
rNeg     . . .     Faith    .   e - +3 ring mail
rPois    .         Spirit   .   (no helmet)
rElec    .         Reflect  .   (no cloak)
rCorr    .         Harm     .   (no gloves)
MR       .....                  (no boots)
Stlth    +.........             (no amulet)
HPRegen  0.10/turn              (no ring)
MPRegen  0.11/turn              (no ring)

@: no status effects
A: agile 1, sense surroundings 1
a: no special abilities


You were on level 3 of the Dungeon.
You were hungry.

You visited 1 branch of the dungeon, and saw 3 of its levels.

You collected 76 gold pieces.

Inventory:

Hand Weapons
 a - a +0 falchion (weapon)
Armour
 e - a +3 ring mail (worn)
 o - a +0 pair of gloves
Jewellery
 n - a +3 ring of protection {unknown}
Wands
 p - a wand of random effects (14)
Scrolls
 f - 4 scrolls of identify {unknown}
 h - a scroll of blinking {unknown}
 l - a scroll of remove curse {unknown}
 m - a scroll of enchant armour {unknown}
 r - a scroll of magic mapping {unknown}
Potions
 b - a potion of brilliance {unknown}
 g - 2 potions of mutation
 i - a potion of restore abilities
 j - a potion of flight {unknown}
 k - a potion of curing {unknown}
 q - a potion of lignification {unknown}
 s - a potion of invisibility {unknown}
 t - a potion of heal wounds {unknown}
Books
 c - a book of Battle

   Spells                             Type                      Level
   a - Infusion                       Charms                       1
   b - Shroud of Golubria             Charms/Translocation         2
   c - Song of Slaying                Charms                       2
   d - Spectral Weapon                Hexes/Charms                 3
   e - Regeneration                   Charms/Necromancy            3
Comestibles
 d - 5 rations


   Skills:
 + Level 2.8 Fighting
 * Level 4.2 Long Blades
 - Level 0.8 Armour
 - Level 2.1 Dodging
 - Level 2.4 Spellcasting
 + Level 0.8 Hexes
 + Level 3.9 Charms


You had 3 spell levels left.
You knew the following spells:

 Your Spells              Type           Power        Failure   Level  Hunger
a - Infusion              Chrm           ###.         9%          1    #......
b - Spectral Weapon       Hex/Chrm       ##......     45%         3    ###....


Dungeon Overview and Level Annotations

Branches:
Dungeon (3/15)

Altars:
Elyvilon
Qazlal


Innate Abilities, Weirdness & Mutations

You are agile. (Dex +2)
You passively map a small area around you.


Message History

The orc hits you with a flail.
* * * LOW HITPOINT WARNING * * *
Your ring mail prevents you from hitting the orc.
The orc is heavily wounded.
The rat barely misses you.
You riposte.
You hit the rat.
You kill the rat!
The orc hits you with a flail.
* * * LOW HITPOINT WARNING * * *
You closely miss the orc.
The orc is heavily wounded.
The orc wizard gestures wildly while chanting.
The orc wizard seems to speed up.
An adder comes into view.
Unknown command.
It was a potion of mutation.
You feel extremely strange.
You feel a strange attunement to the structure of the dungeons.
You feel agile.
The adder hisses angrily.
The orc hits you with a flail.
You die...

#############*
######>........... ,
#................
#.#.#.#.#.#.#.## ,
#.............# * #####
##...⌠....@⌠...## ,
....###......._.oo....#*
,
###........⌠.....⌠†..!...
#.####..........o...###
#.# #.#.#.#.#o#.#..# ,
#.# #..............# #.#
##.........S.#... , , #.#
####.......#.... #.# ....
..# ... ,


You could see an orc wizard, an adder and 3 orcs.

Vanquished Creatures
  An adder (D:2)
  An ooze (D:3)
  3 worms
  A dart slug (D:1)
  A ball python (D:2)
  A giant cockroach (D:2)
  5 goblins
  8 hobgoblins
  2 jackals (D:1)
  A quokka (D:2)
  7 bats
  A frilled lizard (D:2)
  5 kobolds
  5 rats
42 creatures vanquished.

Notes
Turn   | Place    | Note
-------+----------+-------------------------------------------
     0 | D:1      | frogmouthbird the High Elf Skald began the quest for the Orb.
     0 | D:1      | Reached XP level 1. HP: 14/14 MP: 4/4
   105 | D:1      | Reached skill level 3 in Long Blades
   178 | D:1      | Reached XP level 2. HP: 19/19 MP: 6/6
   939 | D:2      | Reached XP level 3. HP: 21/25 MP: 7/7
   944 | D:2      | Learned a level 3 spell: Spectral Weapon
  1396 | D:2      | Reached skill level 4 in Long Blades
  1400 | D:2      | Found a stormy altar of Qazlal.
  1621 | D:3      | Found a white marble altar of Elyvilon.
  1636 | D:3      | Reached XP level 4. HP: 14/30 MP: 8/8
  1650 | D:3      | Gained mutation: You passively map a small area around you. [potion of mutation]
  1650 | D:3      | Gained mutation: You are agile. (Dex +2) [potion of mutation]
  1650 | D:3      | Slain by an orc

Vault maps used:
D:1:      lightli_molten_gateway, nrook_loot_triangle
D:2:      overflow_temple_1_default
D:3:      old_standard_altar, elyvilon_altar_5

Skill      XL: |  1  2  3 |
---------------+----------+-----
Long Blades    | 3 4 |  4.2
Fighting       | |  2.8
Armour         | |  0.8
Dodging        | |  2.1
Spellcasting   | |  2.4
Hexes          | |  0.8
Charms         | |  3.9

Action                   |  1- 3 |  4- 6 || total
-------------------------+-------+-------++-------
Melee: Falchion          |   148 |     4 ||   152
 Cast: Infusion          |     2 |       ||     2
  Use: Potion            |       |     1 ||     1
  Eat: Chunk             |     2 |       ||     2
Armor: Leather armour    |     6 |       ||     6
       Ring mail         |    67 |     1 ||    68
Dodge: Dodged            |   109 |     1 ||   110
       Rpst.: Falchion   |    38 |     1 ||    39

Table legend:
 A = Spawn XP
 B = Non-spawn XP
 C = Spawn XP percentage of total XP
 D = Spawn monster count
 E = Non-spawn monster count
 F = Spawn count percentage of total count
 G = Total turns spent on level
                    A         B        C        D         E        F      G
               +---------+---------+-------+---------+---------+-------+---------
         Total |       0 |      98 |   0.0 |       0 |      42 |   0.0 |  1650
               +---------+---------+-------+---------+---------+-------+---------
           D:1 |       0 |      32 |   0.0 |       0 |      18 |   0.0 |   821
           D:2 |       0 |      53 |   0.0 |       0 |      21 |   0.0 |   782
           D:3 |       0 |      13 |   0.0 |       0 |       3 |   0.0 |    47
               +---------+---------+-------+---------+---------+-------+---------
